 Dungeon Crawl Stone Soup version 0.30.0 (webtiles) character file.

Game seed: 7104535679163382379

227 Glokmah the Slasher (level 5, -8/41 (45) HPs)
             Began as a Draconian Reaver on May 6, 2023.
             Mangled by a wight
             ... wielding a +5 halberd
              (22 damage)
             ... on level 4 of the Dungeon.
             The game lasted 00:08:59 (2983 turns).

Glokmah the Slasher (Draconian Reaver)              Turns: 2983, Time: 00:09:00

HP:   -8/41 (45)    AC:  5    Str: 15    XL:     5   Next: 70%
MP:   7/9           EV: 12    Int: 13    God:
Gold: 184           SH:  0    Dex: 11    Spells: 6/9 levels left

rFire   . . .        a - +0 long sword
rCold   . . .        n - orb {light}
rNeg    . . .        (body armour unavailable)
rPois   .            (helmet restricted)
rElec   .            (no cloak)
rCorr   .            (no gloves)
SInv    .            (no boots)
Will    .....        v - amulet of the acrobat
Stlth   +            (no ring)
HPRegen 0.26/turn    (no ring)
MPRegen 0.11/turn

%: acrobat
@: immotile, flying, glowing, drained
A: AC +5, unfitting armour, cold-blooded
a: no special abilities


You were on level 4 of the Dungeon.
You visited 1 branch of the dungeon, and saw 5 of its levels.

You collected 184 gold pieces.

Inventory:

Hand Weapons
 a - a +0 long sword (weapon)
 b - a +0 glaive
 t - a +0 falchion
Armour
 n - an orb of light (worn)
 q - an orb of wrath
Magical Staves
 o - a staff of cold
Jewellery
 v - an amulet of the acrobat (around neck)
Scrolls
 c - 4 scrolls of identify {unknown}
 d - 3 scrolls of noise {unknown}
 f - 2 scrolls of enchant weapon {unknown}
 g - a scroll of silence {unknown}
 h - 2 scrolls of vulnerability {unknown}
 k - a scroll of fear {unknown}
 m - 3 scrolls of teleportation {unknown}
 r - a scroll of amnesia {unknown}
 s - a scroll of fog {unknown}
 u - a scroll of blinking {unknown}
Potions
 e - a potion of brilliance {unknown}
 i - 2 potions of curing {unknown}
 j - 2 potions of flight
 l - a potion of degeneration {unknown}
 p - a potion of magic {unknown}
 w - 2 potions of resistance {unknown}


   Skills:
 + Level 3.3 Fighting
 * Level 4.4 Long Blades
 - Level 1.7 Dodging
 + Level 2.8 Spellcasting
 * Level 4.4 Conjurations


You had 6 spell levels left.
You knew the following spells:

 Your Spells              Type           Power      Damage    Failure   Level
a - Kiss of Death         Conj/Necr      28%        2d7       10%         1
b - Momentum Strike       Conj/Tloc      14%        3d8       14%         2

Your spell library contained the following spells:

 Spells                   Type           Power      Damage    Failure   Level
 Dazzling Flash           Conj/Hex       14%        N/A       28%         3
 Hailstorm                Conj/Ice       7%         3d4       28%         3
 Agony                    Necr           1%         N/A       100%        5
 Silence                  Hex/Air        0%         N/A       100%        5


Dungeon Overview and Level Annotations

Branches:
Dungeon (5/15)
 Temple: D:4-7

Altars:


Innate Abilities, Weirdness & Mutations

Your plain brown scales are hard. (AC +5)
You cannot fit into any form of body armour.
You are cold-blooded and may be slowed by cold attacks.


Message History

An orc comes into view. It is wielding a +0 mace.
Found 13 gold pieces.
The orc shouts!
Found a stone staircase leading down.
The orc completely misses you.
You completely miss the orc. The orc hits you with a +0 mace.
You hit the orc.
The orc is almost dead.
The orc hits you with a +0 mace. The orc closely misses you.
You slash the orc!
You kill the orc!
No target in view!
You now have 184 gold pieces (gained 13).
Done exploring.
There is an open door here.
There is a stone staircase leading down here.
You climb downwards.
There is a stone staircase leading up here.
The wight hits you but does no damage. The wight hits you with a +5 halberd!
You feel drained.
You climb upwards.
There is a stone staircase leading down here.
The wight completely misses you.
The wight hits you from afar with a +5 halberd!
You feel drained.
Casting: Momentum Strike (safe; 14% risk of failure)
Confirm with . or Enter, or press ? or * to list all spells.
Aiming: Momentum Strike (safe; 14% risk of failure)
Press: ? - help, Dir - move target, f - wight
Aim: a wight, wielding a +0 flail and wearing a +0 robe (haloed, 79% to hit)
The concentrated momentum hits the wight.
The wight is moderately damaged.
You are unable to move.
The wight hits you with a +0 flail! The wight closely misses you.
It was a potion of flight.
You feel very buoyant.
You fly up into the air.
The wight barely misses you.
The wight hits you from afar with a +5 halberd!!
Ouch! That really hurt!
You die...

###### #####..#.#########
#......>.........#
#.####.#.#######.# ####.#
#.#.......#.# #####....#
#.#.......#.# #.......##
#.#.#######.# ####.......#
#@#.........# ...'.......#
#z############
####.......#####z##.........#
...............>.##.#######.#
##############...##.####....#
#.......##...#...........#..#
#.#...............#.##.#.#..#
#.#.###......##...#.##.#.#..#####
#.#.# #......#.........#.#.......


You could see 2 wights.

Vanquished Creatures
  An iguana (D:4)
  Natasha (thrice) (D:2)
  3 adders
  2 worms (D:4)
  3 dart slugs
  7 orcs
  8 ball pythons
  4 endoplasms
  A giant cockroach (D:2)
  11 goblins
  9 hobgoblins
  2 jackals (D:1)
  5 quokkas
  6 bats
  5 frilled lizards
  8 kobolds
  3 rats
81 creatures vanquished.

Notes
Turn   | Place    | Note
-------+----------+-------------------------------------------
     0 | D:1      | Glokmah the Draconian Reaver began the quest for the Orb.
     0 | D:1      | Reached XP level 1. HP: 17/17 MP: 3/3
   107 | D:1      | Reached XP level 2. HP: 16/24 MP: 5/5
   150 | D:1      | Found a faded altar of an unknown god.
   276 | D:1      | Learned a level 2 spell: Momentum Strike
   349 | D:1      | Reached XP level 3. HP: 30/30 MP: 6/6
  1228 | D:2      | Noticed Natasha
  1230 | D:2      | Killed Natasha
  1231 | D:2      | Reached XP level 4. HP: 37/37 MP: 4/7
  1467 | D:2      | Identified the +3 ring mail of Action {rPois rC+}
  1481 | D:2      | Noticed Natasha
  1491 | D:2      | Killed Natasha
  1631 | D:2      | Noticed Natasha
  1636 | D:2      | Killed Natasha
  1637 | D:2      | Reached XP level 5. HP: 45/45 MP: 5/9
  2976 | D:5      | Entered Level 5 of the Dungeon
  2983 | D:4      | Mangled by a wight

Illustrated notes

Levels and vault maps discovered:
D:1:      dpeg_arrival_rhombus, layout_basic, chequers_ecumenical_altar_island,
          st_stairs_9, dreamdust_princess_corridor, minmay_misc_feat_diagonals
D:2:      layout_loops_ring, uniq_natasha
D:3:      layout_rooms
D:4:      layout_basic
D:5:      layout_loops_ring, minmay_temple_entry_gardened_gates, serial_shops,
          nicolae_shop_hallway_stairs

Skill      XL: |  1  2  3  4 |
---------------+-------------+-----
Fighting       | 3 |  3.3
Long Blades    | 4 |  4.4
Conjurations   | 4 |  4.4
Dodging        | |  1.7
Spellcasting   | |  2.8

Action                     |  1- 3 |  4- 6 || total
---------------------------+-------+-------++-------
  Melee: Falchion          |   102 |    45 ||   147
         Tailslap          |    17 |    20 ||    37
         Punch             |     1 |       ||     1
         Long sword        |       |    59 ||    59
   Cast: Kiss of Death     |     1 |       ||     1
         Momentum Strike   |     3 |     4 ||     7
    Use: Potion            |       |     1 ||     1
 Armour: Skin              |    28 |    34 ||    62
  Dodge: Dodged            |    55 |    71 ||   126
